 Dungeon Crawl Stone Soup version 0.30.1-3-gfc49f6343a (webtiles) character file.

Game seed: 413222393643558823

42 Martska the Trooper (level 3, -3/30 HPs)
             Began as a Demonspawn Fighter on July 20, 2023.
             Succumbed to an orc priest's poison
             ... on level 2 of the Dungeon on July 30, 2023.
             The game lasted 00:02:36 (803 turns).

Martska the Trooper (Demonspawn Fighter)             Turns: 803, Time: 00:02:36

Health: -3/30      AC:  6    Str: 18    XL:     3   Next: 35%
Magic:  3/3        EV: 10    Int:  9    God:
Gold:   49         SH:  4    Dex: 12    Spells: 2/2 levels left

rFire   + . .        a - +0 trident
rCold   . . .        c - +0 buckler
rNeg    . . .        g - +1 ring mail {rF+}
rPois   .            (no helmet)
rElec   .            (no cloak)
rCorr   .            (no gloves)
SInv    .            (no boots)
Will    .....        (no amulet)
Stlth   +            (no ring)
HPRegen 0.25/turn    (no ring)
MPRegen 0.08/turn

%: no passive effects
@: lethally poisoned (-3 -> -33)
A: claws 1, ignite blood 1
a: no special abilities


You were on level 2 of the Dungeon.
You visited 1 branch of the dungeon, and saw 2 of its levels.

You collected 49 gold pieces.

Inventory:

Hand Weapons
 a - a +0 trident (weapon)
 k - a +4 whip
 l - a +2 morningstar of venom
Armour
 b - a +0 scale mail
 c - a +0 buckler (worn)
 g - a +1 ring mail of fire resistance (worn)
Scrolls
 f - 4 scrolls of identify {unknown}
 i - a scroll of enchant weapon {unknown}
 j - a scroll of noise {unknown}
Potions
 d - a potion of might
 e - 2 potions of brilliance {unknown}
 h - a potion of heal wounds {unknown}
 m - 3 potions of degeneration {unknown}
 n - a potion of attraction {unknown}


   Skills:
 * Level 3.8 Fighting
 * Level 2.7 Polearms
 - Level 2.6 Armour
 - Level 2.6 Shields


You had 2 spell levels left.
You didn't know any spells.
Your spell library contained the following spells:

 Spells                   Type           Power      Damage    Failure   Level
 Beastly Appendage        Tmut           0%         N/A       65%         1
 Poisonous Vapours        Pois/Air       0%         N/A       80%         2
 Wereblood                Tmut           0%         N/A       80%         2
 Mephitic Cloud           Conj/Pois/Air  0%         N/A       95%         3
 Spider Form              Tmut/Pois      0%         N/A       95%         3
 Stone Arrow              Conj/Erth      0%         3d7       95%         3
 Animate Armour           Summ/Erth      0%         N/A       100%        4
 Freezing Cloud           Conj/Ice/Air   0%         6-21      100%        5
 Lehudib's Crystal Spear  Conj/Erth      0%         10d2      100%        8


Dungeon Overview and Level Annotations

Branches:
Dungeon (2/15)

Altars:


Innate Abilities, Weirdness & Mutations

You have sharp fingernails.
Your demonic aura sometimes causes spilled blood to erupt in flames.


Message History

An orc wizard comes into view. It is wielding a +0 dagger.
You hear an angry hiss.
You reach to attack!
You closely miss the orc.
An adder comes into view.
You barely miss the orc. The orc barely misses you.
You closely miss the orc priest.
The orc priest mumbles some strange prayers to Beogh against you.
You barely resist. The orc hits you but does no damage.
You barely miss the orc priest. The orc priest barely misses you.
You block the orc's attack.
You hit the orc priest.
The orc priest is moderately wounded.
The orc priest closely misses you.
The orc wizard casts a spell.
The orc wizard flickers and vanishes!
Deactivating autopickup; reactivate with Ctrl-A.
The orc hits you with a +0 hand axe. x2; You block the orc priest's attack.
You closely miss the orc. You block the orc priest's attack.
The orc hits you with a +0 hand axe.
You hit the orc priest.
The orc priest is moderately wounded.
The orc priest hits you but does no damage.
You are poisoned.
You closely miss the orc priest.
The orc priest is moderately wounded.
You feel very sick.
The orc priest hits you with a +1 hand axe of venom.
You are lethally poisoned!
You hit the orc priest but do no damage.
The orc priest is moderately wounded.
* * * LOW HITPOINT WARNING * * *
You feel very sick.
The orc priest hits you with a +1 hand axe of venom.
* * * LOW HITPOINT WARNING * * *
You are more poisoned.
Welcome back, Martska the Demonspawn Fighter.
Press ? for a list of commands and other information.
You hit the orc priest but do no damage.
The orc priest is moderately wounded.
You die...

......#.#.(88..#...#
..###.###...#..#...#
..#.<.##....(.....##
..#.#.##††###..#..###
....#.#.)#.###.#.....
....#)).####.###..####
......###.....##.#.
.................#..
......##.#..####@#...
....#.##.##.# #o##.##
...##.......####o{......
#######...##.....#..####
#...##.....#.... #
#####...##...........#
###..............#..#..#
..†..............# .....
.##...........#### ....


You could see an orc priest and an orc.

Vanquished Creatures
  A dart slug (D:1)
  3 orcs (D:2)
  4 bats
  2 endoplasms
  2 giant cockroaches
  3 goblins
  6 hobgoblins
  6 kobolds
  A quokka (D:1)
  3 rats
31 creatures vanquished.

Notes
Turn   | Place    | Note
-------+----------+-------------------------------------------
     0 | D:1      | Martska the Demonspawn Fighter began the quest for the Orb.
     0 | D:1      | Reached XP level 1. HP: 18/18 MP: 1/1
   161 | D:1      | Gained mutation: Your demonic aura sometimes causes spilled
                  | blood to erupt in flames. [demonic ancestry]
   161 | D:1      | Reached XP level 2. HP: 23/24 MP: 2/2
   478 | D:2      | Gained mutation: You have sharp fingernails. [demonic
                  | ancestry]
   478 | D:2      | Reached XP level 3. HP: 13/29 MP: 3/3
   803 | D:2      | Succumbed to an orc priest's poison

Illustrated notes

Levels and vault maps discovered:
D:1:      minmay_arrival_five_plusses, layout_basic
D:2:      layout_loops_cross, guppyfry_early_orc_mine

Skill      XL: |  1 |
---------------+----+-----
Polearms       | 2 |  2.7
Fighting       | |  3.8
Armour         | |  2.6
Shields        | |  2.6

Action                     || total
---------------------------++-------
  Melee: Trident           ||    65
         Whip              ||    27
 Armour: Scale mail        ||     3
         Ring mail         ||    25
  Dodge: Dodged            ||    21
  Block: Buckler           ||    18
